 Dungeon Crawl Stone Soup version 0.16.1 (webtiles) character file.

400 Minkie the Sneak (level 6, -4/41 HPs)
             Began as a Vampire Enchanter on Mar 24, 2015.
             Was an Initiate of Kikubaaqudgha.
             Slain by a centaur (6 damage)
             ... on level 5 of the Dungeon.
             The game lasted 00:14:59 (4753 turns).

Minkie the Sneak (Vampire Enchanter)                Turns: 4753, Time: 00:14:59

Health: -4/41      AC:  8    Str:  7    XL:     6   Next: 54%
Magic:  1/10       EV: 14    Int: 19    God:    Kikubaaqudgha [......]
Gold:   183        SH:  0    Dex: 14    Spells: 3 memorised, 3 levels left

rFire  . . .     SeeInvis +     a - +1 dagger
rCold  + + .     Clarity  .     b - +1 robe
rNeg   + + +     SustAb   .     (no shield)
rPois  ∞         Gourm    .     p - +2 helmet
rElec  .         Spirit   .     o - +0 cloak
rCorr  .         Warding  .     q - +0 pair of gloves
rMut   .         Stasis   .     (no boots)
MR     .....                    (no amulet)
Stlth  ++++......               (no ring)
                                (no ring)

@: very slightly contaminated, bloodless, non-regenerating, not resistant to
hostile enchantments, stealthy
A: bottle blood, fangs 3, see invisible, unbreathing
a: Bat Form, Renounce Religion


You were on level 5 of the Dungeon.
You worshipped Kikubaaqudgha.
Kikubaaqudgha was noncommittal.
You were bloodless.

You visited 2 branches of the dungeon, and saw 6 of its levels.

You collected 183 gold pieces.

Inventory:

Hand weapons
 a - a +1 dagger (weapon)
Missiles
 i - 13 tomahawks (quivered)
 l - 3 curare-tipped needles
Armour
 b - a +1 robe (worn)
 o - a +0 cloak (worn)
 p - a +2 helmet (worn)
 q - a +0 pair of gloves (worn)
Jewellery
 y - an uncursed ring of magical power {unknown}
Scrolls
 e - 2 scrolls of enchant armour {unknown}
 f - 4 scrolls of remove curse {unknown}
 g - 3 scrolls of teleportation {unknown}
 h - a scroll of fear {unknown}
 m - a scroll of random uselessness {unknown}
 r - a scroll of amnesia {unknown}
 s - 2 scrolls of identify {unknown}
 t - a scroll of fog {unknown}
 x - a scroll of enchant weapon {unknown}
 A - a scroll of blinking {unknown}
Potions
 d - 9 potions of blood
 j - 2 potions of mutation {unknown}
 k - a potion of brilliance {unknown}
 n - a potion of curing {unknown}
 u - a potion of invisibility
 v - a potion of cancellation {unknown}
 w - a potion of resistance {unknown}
 z - a potion of restore abilities {unknown}
Books
 c - a book of Maledictions

   Spells                             Type                      Level
   a - Corona                         Hexes                        1
   b - Sure Blade                     Hexes/Charms                 2
   c - Ensorcelled Hibernation        Hexes/Ice                    2
   d - Confuse                        Hexes                        3
   e - Dazzling Spray                 Conjuration/Hexes            3
   f - Enslavement                    Hexes                        4


   Skills:
 + Level 3.8 Short Blades
 + Level 3.9 Dodging
 + Level 6.6 Stealth
 - Level 2.0 Spellcasting
 + Level 6.0 Hexes
 + Level 2.1 Ice Magic


You had 3 spell levels left.
You knew the following spells:

 Your Spells              Type           Power        Failure   Level  Hunger
a - Corona                Hex            ####...      1%          1    #......
b - Ensorcelled Hibernat  Hex/Ice        ###...       6%          2    ###....
c - Confuse               Hex            ####....     4%          3    ###....


Dungeon Overview and Level Annotations

Branches:
Dungeon (5/15)             Temple (1/1) D:4

Altars:
Ashenzari
Cheibriados
Dithmenos
Elyvilon
Fedhas
Gozag
Kikubaaqudgha
Makhleb
Nemelex Xobeh
Okawaru
Qazlal
Ru
Sif Muna
Trog
Vehumet
Xom
Yredelemnul
Zin
The Shining One


Innate Abilities, Weirdness & Mutations

You do not heal naturally.
You can bottle blood from corpses.
You have razor-sharp teeth.
You have supernaturally acute eyesight.
You can survive without breathing.


Message History

* * * LOW HITPOINT WARNING * * *
Casting: Confuse
Confirm with . or Enter, or press ? or * to list all spells.
You don't have enough magic to cast that spell.
The giant frog zombie barely misses you.
Casting: Confuse
Confirm with . or Enter, or press ? or * to list all spells.
Aiming: Ensorcelled Hibernation
Press: ? - help, Shift-Dir - straight line, f/p - centaur
Aim: a centaur, wielding a shortbow (chance 48%)
You miscast Ensorcelled Hibernation.
You feel off-balance for a moment.
The giant frog zombie barely misses you.
The centaur unwields an uncursed shortbow.
The centaur closely misses you.
You hit the centaur.
The centaur is lightly wounded.
The giant frog zombie closely misses you.
The centaur hits you.
You die...
Kikubaaqudgha rasps: "You have failed me!
Welcome... oblivion!"

...............#
................#.
......>###.........
........###....#####
#?................#
#.........#.......
#.........#.......
#..(......#.......
..#....@..((###....
#....Zc((.........
..............[...
...........n......
......[...........
................
..##....#..... #
#.####.... #. ...


You could see a necrophage (confused), a centaur and a giant frog zombie.

Vanquished Creatures
  The ghost of Fiveotanaka the Cudgeler, an average MiAs (D:3)
  A scorpion (D:4)
  Crazy Yiuf (D:2)
  A giant frog skeleton (D:4)
  2 worker ants (D:4)
  Robin (D:3)
  5 adders
  A giant mite (D:3)
  4 worms (D:2)
  An adder skeleton (D:4)
  2 oozes
  An orc (D:4)
  A bat skeleton (D:4)
  3 giant cockroaches
  15 hobgoblins
  5 kobolds
  A ball python (D:1)
  6 bats
  4 giant geckos
  20 goblins
  3 rats
79 creatures vanquished.

Notes
Turn   | Place    | Note
--------------------------------------------------------------
     0 | D:1      | Minkie, the Vampire Enchanter, began the quest for the Orb.
     0 | D:1      | Reached XP level 1. HP: 13/13 MP: 3/3
   559 | D:1      | Reached XP level 2. HP: 13/19 MP: 4/4
   563 | D:1      | Learned a level 2 spell: Ensorcelled Hibernation
   899 | D:2      | Reached skill level 5 in Stealth
  1199 | D:2      | Reached XP level 3. HP: 16/24 MP: 6/6
  1204 | D:2      | Learned a level 3 spell: Confuse
  1283 | D:2      | Noticed Crazy Yiuf
  1287 | D:2      | Killed Crazy Yiuf
  1463 | D:2      | Reached skill level 5 in Hexes
  1560 | D:2      | Reached XP level 4. HP: 21/30 MP: 7/7
  2508 | D:3      | Noticed Fiveotanaka's ghost (average MiAs)
  2607 | D:3      | Noticed Robin
  2721 | D:3      | Killed Robin
  2721 | D:3      | Reached XP level 5. HP: 28/35 MP: 1/9
  3055 | D:3      | Killed Fiveotanaka's ghost
  3055 | D:3      | Reached skill level 6 in Stealth
  3055 | D:3      | Reached skill level 1 in Ice Magic
  3309 | D:4      | Reached XP level 6. HP: 33/41 MP: 7/10
  3725 | D:4      | Found a staircase to the Ecumenical Temple.
  3738 | Temple   | Entered the Ecumenical Temple
  3832 | Temple   | Became a worshipper of Kikubaaqudgha
  4288 | D:4      | Found a snail-covered altar of Cheibriados.
  4716 | D:5      | Entered Level 5 of the Dungeon
  4750 | D:5      | HP: 2/41 [centaur/arrow (11)]
  4753 | D:5      | Slain by a centaur

Action                   |  1- 3 |  4- 6 || total
-------------------------+-------+-------++-------
Melee: Dagger            |    60 |   137 ||   197
Throw: Tomahawk          |       |     1 ||     1
 Cast: Ensorcelled Hiber |     7 |    46 ||    53
       Confuse           |       |     7 ||     7
 Stab: Sleeping          |    16 |    25 ||    41
       Confused          |       |     5 ||     5
